 Dungeon Crawl Stone Soup version 0.29-a0-409-gd843f3a48c (webtiles) character file.

Game seed: 1676465118947181030

172 Hubjo the Firebug (level 5, -7/31 HPs)
             Began as a Deep Elf Fire Elementalist on May 13, 2022.
             Mangled by jlumianski's ghost (14 damage)
             ... on level 3 of the Dungeon.
             The game lasted 00:03:53 (3890 turns).

Hubjo the Firebug (Deep Elf Fire Elementalist)      Turns: 3890, Time: 00:03:54

Health: -7/31      AC:  4    Str:  5    XL:     5   Next: 27%
Magic:  9/13       EV: 13    Int: 22    God:
Gold:   214        SH:  0    Dex: 17    Spells: 11/12 levels left

rFire   . . .      SeeInvis .   (no weapon)
rCold   . . .      Faith    +   (no shield)
rNeg    . . .      Spirit   .   a - +0 robe
rPois   .          Reflect  .   (no helmet)
rElec   .          Harm     .   (no cloak)
rCorr   .          Rampage  .   (no gloves)
Will    .....                   (no boots)
Stlth   +++.......              f - amulet of faith
HPRegen 0.10/turn               (no ring)
MPRegen 0.13/turn               (no ring)

@: no status effects
A: iridescent scales 1, agile 1
a: no special abilities


You were on level 3 of the Dungeon.
You visited 1 branch of the dungeon, and saw 3 of its levels.

You collected 214 gold pieces.

Inventory:

Armour
 a - a +0 robe (worn)
Jewellery
 f - an amulet of faith (around neck)
 k - a +4 ring of protection
Scrolls
 e - 3 scrolls of identify
 g - a scroll of fog
 i - 2 scrolls of teleportation
Potions
 b - a potion of magic
 c - 2 potions of attraction


   Skills:
 * Level 2.4 Fighting
 - Level 2.4 Dodging
 + Level 3.8 Stealth
 + Level 4.2 Spellcasting
 - Level 1.1 Conjurations
 + Level 4.2 Fire Magic


You had 11 spell levels left.
You knew the following spells:

 Your Spells              Type           Power      Damage    Failure   Level
a - Foxfire               Conj/Fire      64%        2x1d7     3%          1

Your spell library contained the following spells:

 Spells                   Type           Power      Damage    Failure   Level
 Scorch                   Fire           46%        2d7       3%          2
 Animate Skeleton         Necr           8%         N/A       11%         1
 Apportation              Tloc           8%         N/A       11%         1
 Beastly Appendage        Tmut           8%         N/A       11%         1
 Summon Small Mammal      Summ           16%        N/A       11%         1
 Conjure Flame            Conj/Fire      16%        6-21      11%         3
 Inner Flame              Hex/Fire       13%        N/A       14%         3
 Ensorcelled Hibernation  Hex/Ice        8%         N/A       17%         2
 Passwall                 Tmut/Erth      3%         N/A       17%         2
 Wereblood                Tmut           4%         N/A       17%         2
 Spider Form              Tmut/Pois      4%         N/A       32%         3
 Swiftness                Air            4%         N/A       32%         3
 Flame Wave               Conj/Fire      16%        2d6       36%         4


Dungeon Overview and Level Annotations

Branches:
Dungeon (3/15)

Altars:
Gozag
Hepliaklqana

Annotations:
D:3 jlumianski's ghost, weakling DsFi


Innate Abilities, Weirdness & Mutations

You are partially covered in iridescent scales. (AC +2)
You are agile. (Dex +2)


Message History

The water moccasin misses you.
Jlumianski's ghost says, "They lied to you.
The Dungeon just goes down and down forever."
Jlumianski's ghost hits you.
Your goblin barely misses the water moccasin.
You feel better. The water moccasin bites you.
Your giant cockroach barely misses jlumianski's ghost.
Jlumianski's ghost hits you but does no damage.
Your goblin barely misses the water moccasin.
The water moccasin attacks as you move away!
The water moccasin bites you.
The water moccasin barely misses your goblin.
Your giant cockroach barely misses jlumianski's ghost.
The water moccasin bites your goblin!
Your goblin dies!
Your goblin's corpse dissolves into shadows!
You are too injured to fight recklessly!
Casting: Foxfire (safe; 3% risk of failure)
Confirm with . or Enter, or press ? or * to list all spells.
You conjure some foxfire!
Your giant cockroach bites jlumianski's ghost but does no damage.
The foxfire hits the water moccasin.
The water moccasin is heavily wounded.
Jlumianski's ghost hits you.
* * * LOW HITPOINT WARNING * * *
Your giant cockroach bites jlumianski's ghost but does no damage.
As you read the scroll of fear, it crumbles to dust.
You assume a fearsome visage.
The water moccasin looks frightened!
The hobgoblin looks frightened!
Jlumianski's ghost is unaffected.
The foxfire hits the water moccasin but does no damage.
The water moccasin is heavily wounded.
Your attack snaps the water moccasin out of its fear.
Jlumianski's ghost misses you.
Your giant cockroach barely misses jlumianski's ghost.
There are monsters nearby!
It was a potion of mutation.
You feel extremely strange.
You feel agile.
Iridescent scales grow over part of your body.
Your giant cockroach barely misses jlumianski's ghost.
Jlumianski's ghost hits you!
You die...

.#.###..##.....###.........######
.#.# #..##.................######
.#.###..##.........#####.........
.#...#..##.#####..##.8$##'#######
.###'#..##.# #..#.$...#...# #
........##.# ##..'$g$.8###.# #
..>.....##.# #..B'._8$∩# #.# #
#.......##.# #..W'..$.8# #.# #
#..........# #.@.#$.$..# #.#####
#.....#.#######...##.8∩## #......
####+##.........S################
.........#######.##....##........
####.###.# #.§..##....##.######.
#.# #.####.##.......).........
####.# #.#....##.##.#+###.#######
.....# #.#.#..##.##.#.# #.# #...#
.#######.#........#.#.# #.# #.#.#


You could see a water moccasin (fleeing), jlumianski's ghost (ally target), a
hobgoblin (fleeing) and a friendly giant cockroach (summoned).

Vanquished Creatures
  A jelly (D:3)
  A hound (D:3)
  6 adders
  A worm (D:2)
  A dart slug (D:2)
  5 orcs (D:3)
  2 ball pythons (D:2)
  2 bats (D:1)
  5 endoplasms
  5 giant cockroaches
  3 hobgoblins
  A kobold (D:2)
  6 quokkas
  2 frilled lizards
  A goblin (D:2)
  6 rats
48 creatures vanquished.

Vanquished Creatures (others)
  300 foxfires
300 creatures vanquished.

Grand Total: 348 creatures vanquished

Notes
Turn   | Place    | Note
-------+----------+-------------------------------------------
     0 | D:1      | Hubjo the Deep Elf Fire Elementalist began the quest for
                  | the Orb.
     0 | D:1      | Reached XP level 1. HP: 10/10 MP: 6/6
   886 | D:2      | Reached XP level 2. HP: 16/16 MP: 4/8
   942 | D:2      | Reached skill level 1 in Fighting
  1121 | D:2      | Reached XP level 3. HP: 20/20 MP: 3/9
  2198 | D:3      | Found a runed translucent gate.
  2199 | D:3      | Found a runed translucent gate.
  2199 | D:3      | Found a runed translucent gate.
  2200 | D:3      | Found an opulent altar of Gozag.
  2209 | D:3      | Reached XP level 4. HP: 5/26 MP: 6/11
  2390 | D:3      | Noticed a water moccasin
  2391 | D:3      | Noticed jlumianski's ghost (weakling DsFi)
  2442 | D:3      | Found a hazy altar of Hepliaklqana.
  2862 | D:3      | Found a faded altar of an unknown god.
  3564 | D:3      | Reached XP level 5. HP: 30/30 MP: 6/13
  3890 | D:3      | Gained mutation: You are agile. (Dex +2) [potion of
                  | mutation]
  3890 | D:3      | Gained mutation: You are partially covered in iridescent
                  | scales. (AC +2) [potion of mutation]
  3890 | D:3      | Mangled by jlumianski's ghost

Illustrated notes

Levels and vault maps discovered:
D:1:      roderic_dead_forest, layout_loops_ring
D:2:      layout_basic
D:3:      layout_basic, mainiacjoe_overflow_24_doors,
          dreamdust_ecumenical_altar_angels_and_demons, ebering_ghost_gozag,
          gup_sewer_entry_pipe

Skill      XL: |  1  2  3  4 |
---------------+-------------+-----
Fighting       | 1 2 |  2.4
Stealth        | 3 |  3.8
Spellcasting   | 4 |  4.2
Fire Magic     | 4 |  4.2
Dodging        | |  2.4
Conjurations   | |  1.1

Action                   |  1- 3 |  4- 6 || total
-------------------------+-------+-------++-------
Melee: Unarmed           |     1 |     8 ||     9
 Cast: Foxfire           |   102 |    86 ||   188
  Use: Scroll            |     6 |     2 ||     8
       Potion            |       |     5 ||     5
Armor: Robe              |     2 |     5 ||     7
Dodge: Dodged            |     6 |    22 ||    28

Table legend: (Time is in decaauts)
 A = Elapsed time spent in this place.
 B = Non-inter-level travel time spent in this place.
 C = Inter-level travel time spent in this place.
 D = Time resting spent in this place.
 E = Time spent auto-exploring this place.
 F = Levels seen in this place.
 G = Mean time per level.
                   A        B        C        D        E       F      G
               +--------+--------+--------+--------+--------+-----+--------+
         Total |   3896 |   3896 |      0 |      0 |   3455 |   3 | 1298.7 |
       Dungeon |   3896 |   3896 |      0 |      0 |   3455 |   3 | 1298.7 |
               +--------+--------+--------+--------+--------+-----+--------+

Top non-repeatable levels by time:
     D:3: 1757 daAuts
     D:2: 1295 daAuts
     D:1: 844 daAuts
